 Dungeon Crawl Stone Soup version 0.31.0-11-ge490571c62 (webtiles) character file.

Game seed: 6750787487373207942

1381272 Ruich the Petrodigitator (level 27, 228/228 HPs)
             Began as a Djinni Conjurer on Feb 7, 2024.
             Was a High Priest of Ashenzari.
             Escaped with the Orb
             ... and 3 runes on Feb 9, 2024!
             The game lasted 07:16:36 (108234 turns).

Ruich the Petrodigitator (Djinni Conjurer)        Turns: 108234, Time: 07:16:37

Health: 228/228    AC: 35    Str:  9    XL:     27
Gold:   3460       EV: 20    Int: 36    God:    Ashenzari [*****.] SH: 19 Dex: 17

rFire   + + +        X - staff of the Prescient Chagrin (curse) {Conj, !a, Cun, Comp} (curse)
rCold   + . .        A - +4 kite shield "Per Aspera Ad Scientiam" {AC+3, Elem, Cun} (curse)
rNeg    . . .        V - +7 swamp dragon scales of Ashenzari's Seer {rPois rC+, Cun, Elem} (curse)
rPois   ∞            B - +1 helmet of Star-Bound Wisdom {Fly rF+, Bglg, Fort} (curse)
rElec   +            e - +2 cloak "Stickiness of Ashenzari" {Cun, Fort} (curse)
rCorr   .            u - +0 pair of gloves of Ashenzari's Portent {rElec Will+, Self, Range} (curse)
SInv    +            (boots unavailable)
Will    ++++.        W - amulet of Toth-Mos's Legacy {Regen+, Self, Bglg} (curse)
Stlth   +++          y - ring of Ashenzari's Oracle {Will+ MP+9 AC+4, Melee, Self} (curse)
HPRegen 1.38/turn    L - ring of the Meager Peach {Fly rC+ Str-2 Int+8 SInv}
MPRegen 0.00/turn

%: clarity
@: flying, studying 2 skills
A: sickness immunity, fire resistance 2, cold vulnerability 1, float, innate
caster, HP casting, extra vitality 1, thin skeletal structure 1, clever 1
0: Orb of Zot
}: 3/15 runes: decaying, silver, gossamer
a: Renounce Religion, Curse Item, Shatter the Chains


You escaped.
You worshipped Ashenzari.
Ashenzari was extremely pleased with you.
You visited 10 branches of the dungeon, and saw 48 of its levels.
You visited 1 bazaar.
You also visited: Bailey, Ice Cave and Desolation.

You collected 7635 gold pieces.
You spent 4175 gold pieces at shops.


Innate Abilities, Weirdness & Mutations

You are immune to sickness and miasma.
You are immune to poison.
Your flesh is very heat resistant. (rF++)
You are vulnerable to cold. (rC-)
You float through the air rather than walking.
You learn spells naturally, not from books.
Your magical power is your life essence.
You have superior vitality. (+4 MHP)
You have a somewhat thin skeletal structure. (Dex +2, Stealth+)
Your mind is acute. (Int +4, Str/Dex -1)


   Skills:
 - Level 24.0(27) Fighting
 + Level 14.9(18.0) Armour
 + Level 16.6(21.5) Dodging
 + Level 13.7(18.7) Stealth
 - Level 15.0(18.0) Shields
 - Level 24.6(27) Spellcasting
 - Level 24.6 Conjurations
 - Level 24.6(27) Hexes
 - Level 24.6(26.4) Summonings
 - Level 24.6(26.4) Necromancy
 - Level 24.6(27) Translocations
 - Level 24.6(27) Fire Magic
 - Level 24.6(27) Ice Magic
 - Level 24.6(27) Air Magic
 O Level 27 Earth Magic
 - Level 24.6 Alchemy
 - Level 10.0 Evocations


You knew the following spells:

 Your Spells              Type           Power      Damage    Failure   Level
a - Airstrike             Air            63%        2d(10-26) 0%          4
b - Borgnjor's Vile Clut  Necr/Erth      63%        N/A       0%          5
c - Chain Lightning       Conj/Air       75%        3d100     3%          9
e - Ensorcelled Hibernat  Hex/Ice        100%       N/A       0%          2
f - Fulminant Prism       Conj/Alch      74%        3d30      0%          4
g - Malign Gateway        Summ/Tloc      63%        N/A       1%          7
h - Summon Hydra          Summ           63%        N/A       1%          7
i - Dispersal             Tloc           63%        N/A       0%          6
l - Lehudib's Crystal Sp  Conj/Erth      75%        10d17     1%          8
m - Magic Dart            Conj           100%       1d8       0%          1
s - Searing Ray           Conj           100%       2d8       0%          2
x - Iskenderun's Mystic   Conj/Tloc      100%       2d19      0%          4
y - Summon Cactus Giant   Summ           63%        N/A       0%          6
z - Sandblast             Erth           100%       2d20      0%          1
B - Blink                 Tloc           100%       N/A       0%          2
D - Death's Door          Necr           63%        N/A       2%          9
X - Brom's Barrelling Bo  Conj/Erth      100%       2d11      0%          4
Your spell library was empty.

Inventory:

Missiles
 f - 5 throwing nets {=f}
Armour
 e - the cursed +2 cloak "Stickiness of Ashenzari" (worn) {Cun, Fort}
   (You bought it in a shop on level 2 of the Orcish Mines)

   It has a curse which improves the following skills: Cunning: Dodging and
   Stealth.
   Fortitude: Armour and Shields.
 u - the cursed +0 pair of gloves of Ashenzari's Portent (worn) {rElec Will+, Self, Range}
   (You bought it in a shop on level 2 of the Orcish Mines)

   rElec:     It insulates you from electricity.
   Will+:     It increases your willpower.
   It has a curse which improves the following skills: Introspection: Fighting
   and Spellcasting.
   Ranged Combat: Ranged Weapons and Throwing.
 A - the cursed +4 kite shield "Per Aspera Ad Scientiam" (worn) {AC+3, Elem, Cun}
   (You took it off a tengu warrior on level 1 of the Depths)

   It has a curse which improves the following skills: Elements: Fire Magic, Ice
   Magic, Air Magic and Earth Magic.
   Cunning:   Dodging and Stealth.
 B - the cursed +1 helmet of Star-Bound Wisdom (worn) {Fly rF+, Bglg, Fort}
   (You found it on level 3 of the Elven Halls)

   rF+:       It protects you from fire.
   Fly:       It grants you flight.
   It has a curse which improves the following skills: Beguiling: Hexes and
   Translocations.
   Fortitude: Armour and Shields.
 V - the cursed +7 swamp dragon scales of Ashenzari's Seer (worn) {rPois rC+, Cun, Elem}
   (You found it on level 2 of the Swamp)

   rC+:       It protects you from cold.
   rPois:     It protects you from poison It has a curse which improves the
   following skills: Cunning: Dodging and Stealth.
   Elements:  Fire Magic, Ice Magic, Air Magic and Earth Magic.
Magical Staves
 X - the cursed staff of the Prescient Chagrin (weapon) {Conj, !a, Cun, Comp}
   (You found it on level 14 of the Dungeon)

   [staff of conjuration]

   Base accuracy: +5 Base damage: 5 Base attack delay: 1.2 This weapon's minimum
   attack delay (0.6) is reached at skill level 12.
   Conj:      It increases the power of your Conjurations spells.
   It falls into the 'Staves' category.
   It is a one-handed weapon.
   It has a curse which improves the following skills: Cunning: Dodging and
   Stealth.
   Companions: Summonings and Necromancy.
Jewellery
 y - the cursed ring of Ashenzari's Oracle (left hand) {Will+ MP+9 AC+4, Melee, Self}
   (You took it off a deep elf demonologist on level 3 of the Elven Halls)

   [ring of protection]

   AC+4:      It affects your AC (+4).
   Will+:     It increases your willpower.
   MP+9:      It affects your magic capacity (+9).
   It has a curse which improves the following skills: Melee Combat: Short
   Blades, Long Blades, Axes, Maces & Flails, Polearms, Staves and Unarmed
   Combat.
   Introspection: Fighting and Spellcasting.
 C - the ring of the Zebrataur {rElec rF+ MP+9 Int+3}
   (You found it in the Desolation of Salt)

   [ring of magical power]

   Int+3:     It affects your intelligence (+3).
   rF+:       It protects you from fire.
   rElec:     It insulates you from electricity.
   MP+9:      It affects your magic capacity (+9).
 D - the ring of the Mage {Wiz Archmagi}
   (You acquired it on level 3 of the Depths)

   [ring of wizardry]

   Wiz:       It improves your spell success rate.
   Archmagi:  It increases the power of your magical spells.
 L - the ring of the Meager Peach (right hand) {Fly rC+ Str-2 Int+8 SInv}
   (You found it on level 5 of the Vaults)

   [ring of see invisible]

   Str-2:     It affects your strength (-2).
   Int+8:     It affects your intelligence (+8).
   rC+:       It protects you from cold.
   SInv:      It lets you see invisible.
   Fly:       It grants you flight.
 R - a ring of resist corrosion
 T - a ring of positive energy
 W - the cursed amulet of Toth-Mos's Legacy (around neck) {Regen+, Self, Bglg}
   (You found it on level 1 of the Spider Nest)

   [amulet of regeneration]

   Regen+:    It increases your rate of health regeneration.
   It has a curse which improves the following skills: Introspection: Fighting
   and Spellcasting.
   Beguiling: Hexes and Translocations.
Wands
 c - a wand of digging (20)
 z - a wand of mindburst (51)
 E - a wand of flame (24)
 I - a wand of acid (24)
 Q - a wand of roots (61)
Scrolls
 b - 5 scrolls of vulnerability
 d - 18 scrolls of teleportation {@r2}
 k - 10 scrolls of immolation
 q - 8 scrolls of fog
 r - 3 scrolls of blinking
 x - 7 scrolls of fear
 F - 3 scrolls of enchant armour
 G - a scroll of silence {!r}
 H - 8 scrolls of enchant weapon
 K - 7 scrolls of poison
 O - 6 scrolls of noise
 Y - 5 scrolls of butterflies
Potions
 g - 9 potions of brilliance
 h - 6 potions of enlightenment
 i - 9 potions of lignification
 j - 7 potions of resistance
 l - 24 potions of curing {@q1}
 m - 4 potions of cancellation
 n - a potion of invisibility
 p - 4 potions of attraction
 s - 9 potions of might
 w - 6 potions of heal wounds {@q2}
 M - 2 potions of mutation
 P - 6 potions of haste {@q3}
 Z - 4 potions of ambrosia
Miscellaneous
 a - a phial of floods
 v - a phantom mirror
 N - a box of beasts
 U - a tin of tremorstones (2/2)

Dungeon Overview and Level Annotations

Branches:
Dungeon (15/15)            Temple (1/1) D:4            Lair (5/5) D:10
  Swamp (4/4) Lair:2       Spider (4/4) Lair:3        Slime (0/5) Lair:5
    Orc (2/2) D:10            Elf (3/3) Orc:2        Vaults (5/5) D:13
  Crypt (0/3) Vaults:2     Depths (4/4) D:15            Zot (5/5) Depths:4
 Bailey (visited)           IceCv (visited)         Desolation (visited)

Altars:
Ashenzari
Cheibriados
Dithmenos
Elyvilon
Fedhas
Gozag
Hepliaklqana
Makhleb
Nemelex Xobeh
Okawaru
Qazlal
Ru
Trog
Uskayaw
Wu Jian
Xom
Yredelemnul
Zin
The Shining One
Jiyva
Lugonu

Shops:
D:5 *   D:8 ?   D:12 **   D:14 (   D:15 =   Orc:1 :   Orc:2 ![*:([   Vaults:2 [
Depths:1 *[!

Portals:
Hell: Depths:1 Depths:2 Depths:3 Depths:4
Abyss: Depths:2 Depths:3 Depths:4
Pandemonium: Depths:2 Depths:3
Ziggurat: Depths:1

Annotations:
Lair:4 exclusion: downstairs
Lair:5 3 runed translucent doors, bearlyready's ghost, journeyman GnSh
Orc:2 1 exclusion
Vaults:1 exclusion: downstairs
Vaults:3 MENNAS!, exclusion: downstairs, Mennas
Zot:2 2 transporters, SirLogeyBear's ghost, legendary HOBe

#.##########..##.#..............#
..# ##.....#....#..####...# #.#
#.....................#
#.#########.........#.:.#.##....#
#...........≈≈≈≈≈≈≈........#....#
#########.#.≈.....≈........#....#
............≈..........#........#
.########...≈..≈≈≈≈≈≈≈.#.#.#...##
.# #...≈..≈@....≈.#.......# .#
#...≈.....≈..≈.#.#.##..#
.########...≈≈≈≈≈≈≈..≈.#.......#
.#...................≈.#.#####.#
.#.######.####.≈.....≈...#...#†#
.#.# #.....##.≈≈≈≈≈≈≈.#.#.#†#.#
.#.# #.#.#.##.........#.#.#.#.#
.#.# #.#.#.############.#.....#
##.####.#.#.# #...# #.###.####


There were no monsters in sight!


Message History

Press: ? - help, Shift-Dir - straight line A rock wall.
This square is covered in magical glow.
The rock shatters into small pieces.
Unknown command.
An Orb Guardian comes into view.
The Orb Guardian hits you but does no damage.
The Orb Guardian attacks as it pursues you!
You block the Orb Guardian's attack. The Orb Guardian completely misses you.
There is a staircase leading out of the dungeon here.
Casting: Lehudib's Crystal Spear (mildly dangerous; 1% risk of failure)
Confirm with . or Enter, or press ? or * to list all spells.
You feel a surge of power!
You miscast Chain Lightning.
You are very lightly contaminated with residual magic.
A wave of violent energy washes through your body!
The Orb Guardian closely misses you.
Unknown command.
Casting: Chain Lightning (dangerous; 3% risk of failure)
Confirm with . or Enter, or press ? or * to list all spells.
You feel a surge of power! Lightning arcs from your hands!
The bolt of lightning hits the Orb Guardian!!!!!
You kill the Orb Guardian!
The bolt of lightning hits you but does no damage.
Unknown command.
You start resting.
Your magical contamination has completely faded away.
HP restored.
Unknown command.
There is a staircase leading out of the dungeon here.
You have escaped!

Skill      XL: |  1  2  3  4  5  6  7  8  9 10 11 12 13 14 15 16 17 18 19 20 21 22 23 24 25 26 27 |
---------------+----------------------------------------------------------------------------------+-----
Fighting       | 1 2 3 4 5 7 8 9 11 12 13 14 15 16 17 18 19 20 21 22 23 24 | 24.0
Spellcasting   | 4 5 6 7 9 10 11 12 13 14 15 16 17 18 19 20 22 23 24 | 24.6
Conjurations   | 4 5 6 7 9 10 11 12 13 14 15 16 17 18 19 20 22 23 24 | 24.6
Hexes          | 4 5 6 7 9 10 11 12 13 14 15 16 17 18 19 20 22 23 24 | 24.6
Summonings     | 4 5 6 7 9 10 11 12 13 14 15 16 17 18 19 20 22 23 24 | 24.6
Necromancy     | 4 5 6 7 9 10 11 12 13 14 15 16 17 18 19 20 22 23 24 | 24.6
Translocations | 4 5 6 7 9 10 11 12 13 14 15 16 17 18 19 20 22 23 24 | 24.6
Fire Magic     | 4 5 6 7 9 10 11 12 13 14 15 16 17 18 19 20 22 23 24 | 24.6
Ice Magic      | 4 5 6 7 9 10 11 12 13 14 15 16 17 18 19 20 22 23 24 | 24.6
Air Magic      | 4 5 6 7 9 10 11 12 13 14 15 16 17 18 19 20 22 23 24 | 24.6
Earth Magic    | 4 5 6 7 9 10 11 12 13 14 15 16 17 19 21 23 25 27 | 27.0
Alchemy        | 4 5 6 7 9 10 11 12 13 14 15 16 17 18 19 20 22 23 24 | 24.6
Shields        | 4 7 9 11 12 13 14 15 | 15.0
Dodging        | 6 9 11 16 | 16.6
Stealth        | 5 6 8 13 | 13.7
Armour         | 1 5 8 9 14 | 14.9
Evocations     | 2 6 9 10 | 10.0

Action                     |  1- 3 |  4- 6 |  7- 9 | 10-12 | 13-15 | 16-18 | 19-21 | 22-24 | 25-27 || total
---------------------------+-------+-------+-------+-------+-------+-------+-------+-------+-------++-------
  Melee: Whip              |       |     1 |     1 |       |       |       |       |       |       ||     2
         Rapier            |       |       |       |     2 |       |       |       |       |       ||     2
         Long sword        |       |       |       |     3 |     3 |       |       |       |       ||     6
         Staff             |       |       |       |       |       |       |       |     1 |       ||     1
   Cast: Magic Dart        |    81 |    84 |    72 |    34 |    24 |       |       |       |       ||   295
         Searing Ray       |     2 |    18 |    14 |     3 |       |     2 |       |       |       ||    39
         Fulminant Prism   |       |     1 |    47 |    59 |   157 |    90 |    71 |     3 |       ||   428
         Blink             |       |       |     2 |       |     1 |     5 |     3 |     1 |       ||    12
         Airstrike         |       |       |     3 |   165 |   379 |   865 |   769 |   614 |   165 ||  2960
         Brom's Barrelling |       |       |       |    27 |     9 |       |       |       |       ||    36
         Iskenderun's Myst |       |       |       |    29 |    53 |    85 |   111 |     8 |     1 ||   287
         Borgnjor's Vile C |       |       |       |       |    36 |    10 |    50 |    51 |     1 ||   148
         Ensorcelled Hiber |       |       |       |       |     7 |       |       |       |       ||     7
         Dispersal         |       |       |       |       |     3 |    10 |       |       |       ||    13
         Summon Cactus Gia |       |       |       |       |       |     8 |    41 |     5 |       ||    54
         Malign Gateway    |       |       |       |       |       |       |    24 |     8 |     2 ||    34
         Summon Hydra      |       |       |       |       |       |       |    60 |   207 |    39 ||   306
         Lehudib's Crystal |       |       |       |       |       |       |       |   171 |   431 ||   602
         Death's Door      |       |       |       |       |       |       |       |       |     1 ||     1
         Chain Lightning   |       |       |       |       |       |       |       |       |   313 ||   313
 Invoke: Curse Item        |       |       |     1 |     1 |     2 |     2 |     3 |     5 |     1 ||    15
         Shatter the Chain |       |       |       |     1 |       |     3 |       |     2 |     1 ||     7
  Evoke: Wand              |       |       |       |       |     1 |     1 |       |       |    12 ||    14
         Tin of tremorston |       |       |       |       |     1 |       |       |       |       ||     1
         Phial of floods   |       |       |       |       |       |       |       |     1 |       ||     1
    Use: Scroll            |       |    13 |       |    11 |     3 |     7 |     3 |     5 |     6 ||    48
         Potion            |       |       |       |     4 |     4 |     3 |     2 |     1 |     5 ||    19
   Stab: Sleeping          |       |     1 |       |     1 |       |       |       |     1 |       ||     3
 Armour: Robe              |     4 |    13 |    31 |    12 |   112 |     3 |       |       |       ||   175
         Steam dragon scal |       |       |       |    20 |       |       |       |       |       ||    20
         Skin              |       |       |       |    28 |     3 |       |       |       |       ||    31
         Ice dragon scales |       |       |       |       |       |    87 |       |       |       ||    87
         Chain mail        |       |       |       |       |       |    73 |       |       |       ||    73
         Swamp dragon scal |       |       |       |       |       |    45 |   464 |   223 |   265 ||   997
  Dodge: Dodged            |    10 |    36 |    58 |    82 |   102 |   106 |   231 |   123 |    87 ||   835
  Block: Buckler           |       |       |       |    18 |       |       |       |       |       ||    18
         Kite shield       |       |       |       |    12 |   117 |   211 |   389 |   150 |   101 ||   980
         Reflection        |       |       |       |       |       |    21 |       |       |       ||    21

Levels and vault maps discovered:
D:1:      ebering_hopf_link, layout_basic
D:2:      layout_basic, chequers_serial_rivers_large_b
D:3:      layout_rooms, minmay_misc_feat_hallway
D:4:      layout_basic, nicolae_overflow_two_pavilions,
          minmay_temple_entry_butterflies
D:5:      minmay_chambers_of_fours, layout_cave_pools, minmay_shop_damaged
D:6:      layout_loops_corners, minmay_misc_feat_chi,
          minmay_fractal_squares_gapless_5
D:7:      layout_basic, uniq_jeremiah, uniq_maggie
D:8:      layout_basic, enter_bailey_3, nicolae_nh_oracle_at_delphi, uniq_grum
D:9:      layout_loops_ring, hangedman_corner_corridor
D:10:     layout_roguey, gammafunk_temple_overflow_statue, marbit_many_paths,
          erik_lair_island, minmay_misc_feat_columns, wad_floor_pattern_2,
          kennysheep_generic_room_7
D:11:     layout_irregular_city
D:12:     layout_roguey, ebering_ghost_gozag, guppyfry_shop_earth,
          uniq_nergalle, uniq_psyche, uniq_fannar
D:13:     layout_roguey, skrybe_vaults_entry_preservation, serial_demonic,
          serial_demonic_a, serial_demonic_a, serial_demonic_a,
          serial_demonic_c, small_chamber_with_monster
D:14:     cross_vault, layout_gridville, serial_shops, shop,
          chequers_serial_rivers_micro_e
D:15:     hangedman_depths_entry_try_elsewhere_first, layout_long_grid,
          nrook_mini_vaults, serial_shops, shop, elves_outpost_lemuel
Temple:   minmay_crystal_spiral_temple
Lair:1:   layout_gridlike
Lair:2:   dpeg_oklob_shooting_range, layout_long_grid,
          mainiacjoe_swamp_entry_lozenge_pond, minmay_hedge_maze, st_stairs_5
Lair:3:   layout_roguey, spider_nest_entry_rubble
Lair:4:   layout_roguey, minivault_23, nicolae_lair_run_with_the_wolves,
          grunt_megastairs_1, infiniplex_staircase_pool, uniq_urug
Lair:5:   grunt_lair_end_beastmaster, layout_cave_shapes,
          minmay_slime_entry_pillars, ebering_ghost_rock_garden,
          nicolae_volcano_entry_s_turn, uniq_kirke
Swamp:1:  layout_basic_swamp, portal_ice_cave_entry_dragon,
          evilmike_swamp_ruin_house_4
Swamp:2:  bobbens_index_wilting_gardens, layout_falls_marsh,
          evilmike_swamp_ruin_house_2, swamp_pool_1_2, cheibrodos_swamp_witchery
Swamp:3:  layout_basic_swamp, evilmike_swamp_ruin_rubble_1
Swamp:4:  swamp_old_school, layout_basic_swamp, swamp_pool_5
Spider:1: layout_spider_delve, uniq_donald
Spider:2: layout_chambers, nicolae_orb_stairs,
          hangedman_spider_tarantella_strand, uniq_aizul
Spider:3: layout_spider_delve, hellmonk_watch_for_rolling_rocks
Spider:4: grunt_spider_rune_circles, uniq_nikola
Orc:1:    layout_diamond_mine, nicolae_shop_vocational
Orc:2:    grunt_orc_community_town_hall, layout_caves,
          grunt_orc_community_big_house_1, grunt_orc_community_big_house_2,
          grunt_orc_community_house_2, grunt_orc_community_house_3,
          grunt_orc_community_house_3, grunt_orc_community_house_2,
          grunt_orc_community_house_3, grunt_orc_community_house_3,
          serial_shops, shop, shop
Elf:1:    eino_elf_arrival_the_gate, layout_geoelf_octagon,
          minmay_elf_necromancy
Elf:2:    nicolae_elf_blades_splatter_lattice [nicolae_blade_bullseye],
          layout_loops_cross, drop_trap
Elf:3:    minmay_elf_hall_x, layout_loops_cross,
          nicolae_elf_glass_and_crystal_pillar_1, grunt_ministairs_4,
          minmay_misc_feat_cross
Vaults:1: portal_desolation_entry_garden, nicolae_vaults_little_squares_3,
          nicolae_vaults_closet_pinwheel_1, v_misc_27, hangedman_vaults_snaps,
          vaults_room_door_hall, v_misc_12, ontoclasm_vaults_ring_small,
          nicolae_vaults_tetromino_L_1, grunt_vaults_hallway_long,
          vaults_room_fours, vaults_room_large_hall, layout_vaults_big_room
Vaults:2: hangedman_vaults_nails, v_misc_29, minmay_crypt_entry_necro_gods,
          nicolae_vaults_sightless_eye, nicolae_vaults_puzzle_piece, v_misc_12,
          nicolae_vaults_network_barrier, nicolae_vaults_layer_cake_slice,
          nicolae_vaults_house_1, ontoclasm_vaults_ring_square,
          vaults_dpeg_encased_lava, layout_vaults_omnicross, serial_shops, shop,
          uniq_margery, uniq_frederick, uniq_mennas
Vaults:3: nicolae_vaults_little_squares_5, nicolae_vaults_apartment_2,
          nicolae_vaults_more_shelving_1, ontoclasm_vaults_eye,
          nicolae_vaults_mini_display_case, v_misc_24, layout_vaults_omnigrid,
          serial_shops, bzr_entry_safe
Vaults:4: v_misc_13, nicolae_vaults_circle_grid_b, nicolae_vaults_octothorpe,
          grunt_vaults_funnel, nicolae_vaults_house_1, nicolae_vaults_house_3,
          nicolae_vaults_hexular_roomagon, vaults_room_fancy_cross,
          nicolae_vaults_triangles, vaults_mumra_chevron,
          nicolae_vaults_six-pack, nicolae_vaults_closet_pinwheel_5,
          nicolae_vaults_ninety_degrees, layout_vaults_maze, uniq_sojobo
Vaults:5: serial_shops
Depths:1: layout_gridlike, enter_ziggurat_a, hell_entry,
          nrook_kobold_shadow_demons, serial_bayou_shore_b, minmay_shop_star
Depths:2: minmay_ornate_pinched, layout_gridlike, rand_demon_pan_entry_9,
          kennysheep_small_spiral, pf_hell_entry_great_geh, abyss_entry
Depths:3: minmay_two_paths, layout_basic, rand_demon_pan_entry_7, hell_entry,
          abyss_entry_crystal
Depths:4: grunt_zot_entry_bicorn, layout_cave_pools, evilmike_ruin_ashenzari,
          pf_hell_entry_tar_river, abyss_entry_flame_altar, uniq_jory
Zot:1:    layout_gridville, regret_index_zotdec_magical_s
Zot:2:    lemuel_halls_of_wrath, layout_basic, regret_index_zotdec_obsidian_hm,
          gammafunk_ghost_wrathful_warriors, grunt_megastairs_3
Zot:3:    gammafunk_mikee_crab_dinner, layout_concentric_octagons,
          lemuel_flame_loot_1
Zot:4:    layout_misc_corridors, uniq_vv
Zot:5:    layout_gridlike, regret_index_zotdec_zees

Notes
Turn   | Place    | Note
-------+----------+-------------------------------------------
     0 | D:1      | Ruich the Djinni Conjurer began the quest for the Orb.
     0 | D:1      | Ruich set off with the following spells memorised: Magic
                  | Dart, Searing Ray, Fulminant Prism, Iskenderun's Mystic
                  | Blast.
     0 | D:1      | Reached XP level 1. HP: 15/15 MP: 0/0
   145 | D:1      | Reached XP level 2. HP: 20/21 MP: 0/0
   369 | D:1      | Reached XP level 3. HP: 21/26 MP: 0/0
   369 | D:1      | Learned a level 1 spell: Sandblast
   541 | D:1      | Reached skill level 1 in Fighting
   541 | D:1      | Reached skill level 4 in Spellcasting
   541 | D:1      | Reached skill level 4 in Conjurations
   541 | D:1      | Reached skill level 4 in Hexes
   541 | D:1      | Reached skill level 4 in Summonings
   541 | D:1      | Reached skill level 4 in Necromancy
   541 | D:1      | Reached skill level 4 in Translocations
   541 | D:1      | Reached skill level 4 in Fire Magic
   541 | D:1      | Reached skill level 4 in Ice Magic
   541 | D:1      | Reached skill level 4 in Air Magic
   541 | D:1      | Reached skill level 4 in Earth Magic
   541 | D:1      | Reached skill level 4 in Alchemy
  1426 | D:2      | Reached XP level 4. HP: 30/32 MP: 0/0
  2272 | D:4      | Identified a potion of resistance
  2323 | D:4      | Reached skill level 2 in Fighting
  2323 | D:4      | Reached XP level 5. HP: 33/38 MP: 0/0
  2323 | D:4      | Learned a level 2 spell: Ensorcelled Hibernation
  2617 | D:4      | Reached XP level 6. HP: 41/45 MP: 0/0
  2664 | D:4      | Reached skill level 5 in Spellcasting
  2664 | D:4      | Reached skill level 5 in Conjurations
  2664 | D:4      | Reached skill level 5 in Hexes
  2664 | D:4      | Reached skill level 5 in Summonings
  2664 | D:4      | Reached skill level 5 in Necromancy
  2664 | D:4      | Reached skill level 5 in Translocations
  2664 | D:4      | Reached skill level 5 in Fire Magic
  2664 | D:4      | Reached skill level 5 in Ice Magic
  2664 | D:4      | Reached skill level 5 in Air Magic
  2664 | D:4      | Reached skill level 5 in Earth Magic
  2664 | D:4      | Reached skill level 5 in Alchemy
  2853 | D:4      | Found a white marble altar of Elyvilon.
  2853 | D:4      | Found an opulent altar of Gozag.
  2886 | D:4      | Found a staircase to the Ecumenical Temple.
  2909 | Temple   | Entered the Ecumenical Temple
  2978 | Temple   | Became a worshipper of Ashenzari the Shackled
  3255 | D:4      | Reached skill level 3 in Fighting
  3795 | D:5      | Entered Level 5 of the Dungeon
  3804 | D:5      | Reached XP level 7. HP: 40/50 MP: 0/0
  3804 | D:5      | Learned a level 2 spell: Blink
  3972 | D:5      | Found Inihimp's Lightly-Used Armoury.
  3975 | D:5      | You are sucked into a shaft and drop 1 floor!
  4283 | D:5      | Reached skill level 4 in Fighting
  4283 | D:5      | Reached skill level 6 in Spellcasting
  4283 | D:5      | Reached skill level 6 in Conjurations
  4283 | D:5      | Reached skill level 6 in Hexes
  4283 | D:5      | Reached skill level 6 in Summonings
  4283 | D:5      | Reached skill level 6 in Necromancy
  4283 | D:5      | Reached skill level 6 in Translocations
  4283 | D:5      | Reached skill level 6 in Fire Magic
  4283 | D:5      | Reached skill level 6 in Ice Magic
  4283 | D:5      | Reached skill level 6 in Air Magic
  4283 | D:5      | Reached skill level 6 in Earth Magic
  4283 | D:5      | Reached skill level 6 in Alchemy
  4382 | D:5      | Noticed a shadow
  4453 | D:5      | Reached XP level 8. HP: 50/58 MP: 0/0
  4486 | D:5      | Killed a shadow
  4946 | D:6      | Identified the +4 quarterstaff of Integrity {holy, rF+ MP+9
                  | Dex+4}
  4977 | D:6      | Reached skill level 5 in Fighting
  4977 | D:6      | Reached skill level 7 in Spellcasting
  4977 | D:6      | Reached skill level 7 in Conjurations
  4977 | D:6      | Reached skill level 7 in Hexes
  4977 | D:6      | Reached skill level 7 in Summonings
  4977 | D:6      | Reached skill level 7 in Necromancy
  4977 | D:6      | Reached skill level 7 in Translocations
  4977 | D:6      | Reached skill level 7 in Fire Magic
  4977 | D:6      | Reached skill level 7 in Ice Magic
  4977 | D:6      | Reached skill level 7 in Air Magic
  4977 | D:6      | Reached skill level 7 in Earth Magic
  4977 | D:6      | Reached skill level 7 in Alchemy
  5384 | D:6      | Identified a +0 robe of resistance (You took it off an orc
                  | wizard on level 6 of the Dungeon)
  5570 | D:6      | Reached XP level 9. HP: 60/66 MP: 0/0
  5570 | D:6      | Learned a level 4 spell: Airstrike
  5701 | D:6      | Reached skill level 8 in Spellcasting
  5701 | D:6      | Reached skill level 8 in Conjurations
  5701 | D:6      | Reached skill level 8 in Hexes
  5701 | D:6      | Reached skill level 8 in Summonings
  5701 | D:6      | Reached skill level 8 in Necromancy
  5701 | D:6      | Reached skill level 8 in Translocations
  5701 | D:6      | Reached skill level 8 in Fire Magic
  5701 | D:6      | Reached skill level 8 in Ice Magic
  5701 | D:6      | Reached skill level 8 in Air Magic
  5701 | D:6      | Reached skill level 8 in Earth Magic
  5701 | D:6      | Reached skill level 8 in Alchemy
  6208 | D:7      | Reached skill level 6 in Fighting
  6315 | D:7      | Noticed Jeremiah
  6324 | D:7      | Killed Jeremiah
  6500 | D:7      | Noticed Maggie
  6508 | D:7      | Killed Maggie
  6509 | D:7      | Reached skill level 9 in Spellcasting
  6509 | D:7      | Reached skill level 9 in Conjurations
  6509 | D:7      | Reached skill level 9 in Hexes
  6509 | D:7      | Reached skill level 9 in Summonings
  6509 | D:7      | Reached skill level 9 in Necromancy
  6509 | D:7      | Reached skill level 9 in Translocations
  6509 | D:7      | Reached skill level 9 in Fire Magic
  6509 | D:7      | Reached skill level 9 in Ice Magic
  6509 | D:7      | Reached skill level 9 in Air Magic
  6509 | D:7      | Reached skill level 9 in Earth Magic
  6509 | D:7      | Reached skill level 9 in Alchemy
  6677 | D:7      | Reached skill level 7 in Fighting
  6677 | D:7      | Reached XP level 10. HP: 54/75 MP: 0/0
  7247 | D:8      | Found a flagged portal.
  7259 | Bailey   | Entered a bailey
  7418 | Bailey   | Reached skill level 10 in Spellcasting
  7418 | Bailey   | Reached skill level 10 in Conjurations
  7418 | Bailey   | Reached skill level 10 in Hexes
  7418 | Bailey   | Reached skill level 10 in Summonings
  7418 | Bailey   | Reached skill level 10 in Necromancy
  7418 | Bailey   | Reached skill level 10 in Translocations
  7418 | Bailey   | Reached skill level 10 in Fire Magic
  7418 | Bailey   | Reached skill level 10 in Ice Magic
  7418 | Bailey   | Reached skill level 10 in Air Magic
  7418 | Bailey   | Reached skill level 10 in Earth Magic
  7418 | Bailey   | Reached skill level 10 in Alchemy
  7599 | Bailey   | Noticed a two-headed ogre
  7606 | Bailey   | Killed a two-headed ogre
  7607 | Bailey   | Reached skill level 8 in Fighting
  8918 | D:8      | Identified the ring "Mafeup" {AC+4 Str+3 Int+3 Dex-2}
  8962 | D:8      | Found The Oracle's Delphic Readings.
  8962 | D:8      | Noticed Grum
  8967 | D:8      | Reached XP level 11. HP: 74/84 MP: 0/0
  8967 | D:8      | Learned a level 4 spell: Brom's Barrelling Boulder
  8970 | D:8      | Killed Grum
  9048 | D:8      | Bought a scroll of enchant armour for 97 gold pieces
  9048 | D:8      | Bought a scroll of revelation for 97 gold pieces
  9111 | D:8      | Identified the +3 long sword of Generosity {flame, ^Fragile
                  | +Blink rCorr SInv}
  9395 | D:9      | Noticed a two-headed ogre
  9456 | D:9      | Killed a two-headed ogre
  9457 | D:9      | Reached skill level 1 in Shields
  9457 | D:9      | Reached skill level 11 in Spellcasting
  9457 | D:9      | Reached skill level 11 in Conjurations
  9457 | D:9      | Reached skill level 11 in Hexes
  9457 | D:9      | Reached skill level 11 in Summonings
  9457 | D:9      | Reached skill level 11 in Necromancy
  9457 | D:9      | Reached skill level 11 in Translocations
  9457 | D:9      | Reached skill level 11 in Fire Magic
  9457 | D:9      | Reached skill level 11 in Ice Magic
  9457 | D:9      | Reached skill level 11 in Air Magic
  9457 | D:9      | Reached skill level 11 in Earth Magic
  9457 | D:9      | Reached skill level 11 in Alchemy
  9532 | D:9      | Reached skill level 9 in Fighting
  9534 | D:9      | Reached skill level 2 in Shields
  9645 | D:9      | Reached * piety under Ashenzari
  9669 | D:9      | Noticed a two-headed ogre
  9674 | D:9      | Killed a two-headed ogre
  9920 | D:9      | Reached skill level 3 in Shields
  9951 | D:9      | Noticed a centaur warrior
 10327 | D:9      | HP: 1/86 [centaur warrior/arrow (20)]
 11918 | D:10     | Entered Level 10 of the Dungeon
 12206 | D:10     | Found a staircase to the Lair.
 12327 | D:10     | Found a stormy altar of Qazlal.
 12340 | D:10     | Reached skill level 4 in Shields
 12581 | D:10     | Found a staircase to the Orcish Mines.
 12954 | D:10     | Reached XP level 12. HP: 79/94 MP: 0/0
 12963 | D:10     | Reached skill level 10 in Fighting
 13544 | D:10     | Found a burning altar of Makhleb.
 13544 | D:10     | Found a shadowy altar of Dithmenos.
 13617 | Lair:1   | Entered Level 1 of the Lair of Beasts
 13648 | Lair:1   | Reached skill level 12 in Spellcasting
 13648 | Lair:1   | Reached skill level 12 in Conjurations
 13648 | Lair:1   | Reached skill level 12 in Hexes
 13648 | Lair:1   | Reached skill level 12 in Summonings
 13648 | Lair:1   | Reached skill level 12 in Necromancy
 13648 | Lair:1   | Reached skill level 12 in Translocations
 13648 | Lair:1   | Reached skill level 12 in Fire Magic
 13648 | Lair:1   | Reached skill level 12 in Ice Magic
 13648 | Lair:1   | Reached skill level 12 in Air Magic
 13648 | Lair:1   | Reached skill level 12 in Earth Magic
 13648 | Lair:1   | Reached skill level 12 in Alchemy
 13789 | Lair:1   | Reached skill level 5 in Shields
 13822 | Lair:1   | Reached skill level 6 in Shields
 14807 | Lair:2   | Reached skill level 11 in Fighting
 15066 | Lair:2   | Reached skill level 7 in Shields
 15248 | Lair:1   | Reached XP level 13. HP: 86/100 MP: 0/0
 15248 | Lair:1   | Learned a level 5 spell: Borgnjor's Vile Clutch
 15386 | Lair:2   | Noticed an alligator
 15394 | Lair:2   | Killed an alligator
 15790 | Lair:2   | Found a staircase to the Swamp.
 16467 | Lair:3   | Reached skill level 8 in Shields
 16783 | Lair:3   | Reached skill level 13 in Spellcasting
 16783 | Lair:3   | Reached skill level 13 in Conjurations
 16783 | Lair:3   | Reached skill level 13 in Hexes
 16783 | Lair:3   | Reached skill level 13 in Summonings
 16783 | Lair:3   | Reached skill level 13 in Necromancy
 16783 | Lair:3   | Reached skill level 13 in Translocations
 16783 | Lair:3   | Reached skill level 13 in Fire Magic
 16783 | Lair:3   | Reached skill level 13 in Ice Magic
 16783 | Lair:3   | Reached skill level 13 in Air Magic
 16783 | Lair:3   | Reached skill level 13 in Earth Magic
 16783 | Lair:3   | Reached skill level 13 in Alchemy
 16784 | Lair:3   | Reached skill level 12 in Fighting
 17183 | Lair:3   | Found a hole to the Spider Nest.
 17253 | Lair:3   | Reached skill level 9 in Shields
 18574 | Lair:3   | Reached XP level 14. HP: 68/110 MP: 0/0
 18818 | Lair:4   | Reached skill level 3 in Dodging
 19021 | Lair:4   | Reached skill level 13 in Fighting
 19033 | Lair:4   | Noticed Urug
 19045 | Lair:4   | Killed Urug
 19308 | Lair:4   | Reached skill level 4 in Dodging
 19581 | Lair:4   | Reached skill level 10 in Shields
 20019 | Lair:5   | Entered Level 5 of the Lair of Beasts
 20981 | Lair:5   | Reached skill level 5 in Dodging
 21254 | Lair:5   | Found a staircase to the Slime Pits.
 21255 | Lair:5   | Found a viscous altar of Jiyva.
 22532 | Lair:5   | Reached skill level 6 in Dodging
 22876 | Lair:5   | Found a runed translucent gate.
 22877 | Lair:5   | Found a runed translucent gate.
 22877 | Lair:5   | Noticed bearlyready's ghost (journeyman GnSh)
 22878 | Lair:5   | Found a runed translucent gate.
 23043 | Lair:5   | Noticed Kirke
 23054 | Lair:5   | Noticed a sphinx
 23155 | Lair:4   | Identified the cursed +1 pair of gloves "Bound With Me"
                  | {Self, Melee} (You found it on level 1 of the Dungeon)
 23488 | Lair:5   | Reached skill level 14 in Spellcasting
 23488 | Lair:5   | Reached skill level 14 in Conjurations
 23488 | Lair:5   | Reached skill level 14 in Hexes
 23488 | Lair:5   | Reached skill level 14 in Summonings
 23488 | Lair:5   | Reached skill level 14 in Necromancy
 23488 | Lair:5   | Reached skill level 14 in Translocations
 23488 | Lair:5   | Reached skill level 14 in Fire Magic
 23488 | Lair:5   | Reached skill level 14 in Ice Magic
 23488 | Lair:5   | Reached skill level 14 in Air Magic
 23488 | Lair:5   | Reached skill level 14 in Earth Magic
 23488 | Lair:5   | Reached skill level 14 in Alchemy
 23534 | Lair:5   | Killed Kirke
 23535 | Lair:5   | Reached skill level 11 in Shields
 23535 | Lair:5   | Reached XP level 15. HP: 68/118 MP: 0/0
 23535 | Lair:5   | Learned a level 6 spell: Dispersal
 24385 | Lair:5   | Reached skill level 7 in Dodging
 24400 | Lair:5   | Reached skill level 14 in Fighting
 24486 | Lair:5   | Identified a scroll of acquirement
 24514 | Lair:5   | Acquired 903 gold pieces
 24693 | D:10     | Reached ** piety under Ashenzari
 25574 | D:12     | Noticed Nergalle
 25702 | D:12     | Killed Nergalle
 25767 | D:12     | Found a runed translucent gate.
 25768 | D:12     | Found a runed translucent gate.
 25768 | D:12     | Found a runed translucent gate.
 25768 | D:12     | Found an opulent altar of Gozag.
 25768 | D:12     | Found Taerr's Assorted Antiques.
 25772 | D:12     | Noticed Naggiasi's ghost (journeyman KoBr)
 25858 | D:12     | Found Egeenitz's Pet Rocks.
 25885 | D:12     | Noticed Fannar
 25905 | D:12     | Killed Fannar
 26152 | D:12     | Noticed Psyche
 26155 | D:12     | Killed Psyche
 26164 | D:12     | Bought a wand of digging (5) for 378 gold pieces
 26851 | D:12     | Reached skill level 8 in Dodging
 28199 | D:13     | Reached skill level 12 in Shields
 28635 | D:13     | Noticed an ironbound preserver
 28639 | D:13     | Killed an ironbound preserver
 29351 | D:13     | Found a gate to the Vaults.
 29389 | D:13     | Reached skill level 9 in Dodging
 29654 | D:13     | Reached XP level 16. HP: 67/129 MP: 0/0
 29664 | D:13     | Reached skill level 2 in Stealth
 30160 | D:14     | Found Ojaosywk's Weapon Emporium.
 30712 | D:14     | Reached *** piety under Ashenzari
 31225 | D:14     | Reached skill level 15 in Fighting
 31225 | D:14     | Reached skill level 3 in Stealth
 31581 | D:14     | Noticed a sphinx
 31585 | D:14     | Killed a sphinx
 32115 | D:15     | Entered Level 15 of the Dungeon
 32892 | D:15     | Reached skill level 4 in Stealth
 33689 | D:15     | Reached skill level 13 in Shields
 34510 | D:15     | Found a staircase to the Depths.
 34730 | D:15     | Reached skill level 15 in Spellcasting
 34730 | D:15     | Reached skill level 15 in Conjurations
 34730 | D:15     | Reached skill level 15 in Hexes
 34730 | D:15     | Reached skill level 15 in Summonings
 34730 | D:15     | Reached skill level 15 in Necromancy
 34730 | D:15     | Reached skill level 15 in Translocations
 34730 | D:15     | Reached skill level 15 in Fire Magic
 34730 | D:15     | Reached skill level 15 in Ice Magic
 34730 | D:15     | Reached skill level 15 in Air Magic
 34730 | D:15     | Reached skill level 15 in Earth Magic
 34730 | D:15     | Reached skill level 15 in Alchemy
 34770 | D:15     | Found Dere Gao's Jewellery Boutique.
 34779 | D:15     | Bought an amulet of reflection for 570 gold pieces
 34779 | D:15     | Bought the ring of Luj Miez {rC+ MP+9} for 646 gold pieces
 35144 | Orc:1    | Entered Level 1 of the Orcish Mines
 35144 | Orc:1    | Found Feobiaba's Vocational Training.
 35366 | Orc:1    | Reached skill level 5 in Stealth
 35424 | Orc:1    | Reached skill level 1 in Armour
 36109 | Orc:2    | Entered Level 2 of the Orcish Mines
 36519 | Orc:2    | Found Uskepoi's Book Emporium.
 37328 | Orc:2    | Found Jonawk's Distillery.
 37642 | Orc:2    | Found a staircase to the Elven Halls.
 37657 | Orc:2    | Reached XP level 17. HP: 89/138 MP: 0/0
 37657 | Orc:2    | Learned a level 6 spell: Summon Cactus Giant
 38238 | Orc:2    | Reached skill level 2 in Armour
 38609 | Orc:2    | Found Sepogg's Armour Emporium.
 38618 | Orc:2    | Bought a +1 helmet for 172 gold pieces
 38742 | Orc:2    | Found Ulughiri's Antique Weapon Shop.
 38747 | Orc:2    | Found Usuamexkargh's Antique Armour Boutique.
 38762 | Orc:2    | Bought a pair of bloodstained gloves for 351 gold pieces
 38762 | Orc:2    | Identified the +0 pair of gloves of Least Resistance {rElec
                  | Will+} (You bought it in a shop on level 2 of the Orcish
                  | Mines)
 38942 | Orc:2    | Found Taoloa's Assorted Antiques.
 39075 | Orc:2    | Bought a runed cloak for 277 gold pieces
 39248 | Swamp:1  | Entered Level 1 of the Swamp
 39466 | Swamp:1  | Found a glacial archway.
 39669 | IceCv    | Entered an ice cave
 39675 | IceCv    | Reached skill level 3 in Armour
 40140 | IceCv    | Reached skill level 6 in Stealth
 41243 | IceCv    | Identified the +1 ice dragon scales of Tuemudo {rF- rC++
                  | rCorr Int+4 Stlth+}
 41258 | IceCv    | Reached skill level 16 in Fighting
 41658 | Swamp:1  | Reached skill level 4 in Armour
 42191 | Swamp:2  | Identified the +8 chain mail of Qazlal's Supremacy {Regen+}
 42960 | Swamp:2  | Reached skill level 14 in Shields
 43308 | Swamp:2  | Reached skill level 5 in Armour
 44440 | Swamp:2  | Reached XP level 18. HP: 110/143 MP: 0/0
 44558 | Swamp:2  | Reached skill level 6 in Armour
 45140 | Swamp:2  | Identified the +7 swamp dragon scales of the Stone Wall
                  | {rPois rC+}
 45314 | Swamp:3  | Noticed a tentacled monstrosity
 45914 | Swamp:3  | Killed a tentacled monstrosity
 46599 | Swamp:3  | Reached skill level 7 in Armour
 46983 | Swamp:4  | Entered Level 4 of the Swamp
 47491 | Swamp:4  | Reached skill level 17 in Fighting
 49254 | Swamp:4  | Reached skill level 15 in Shields
 49455 | Swamp:4  | Noticed the 27-headed Lernaean hydra
 49679 | Swamp:4  | Killed the 27-headed Lernaean hydra
 49680 | Swamp:4  | Reached skill level 8 in Armour
 50742 | Swamp:4  | Got a decaying rune of Zot
 51196 | Spider:1 | Entered Level 1 of the Spider Nest
 51197 | Spider:1 | Noticed Donald
 51206 | Spider:1 | Killed Donald
 51782 | Spider:1 | Reached XP level 19. HP: 136/150 MP: 0/0
 51782 | Spider:1 | Learned a level 7 spell: Malign Gateway
 52482 | Spider:1 | Reached skill level 16 in Spellcasting
 52482 | Spider:1 | Reached skill level 16 in Conjurations
 52482 | Spider:1 | Reached skill level 16 in Hexes
 52482 | Spider:1 | Reached skill level 16 in Summonings
 52482 | Spider:1 | Reached skill level 16 in Necromancy
 52482 | Spider:1 | Reached skill level 16 in Translocations
 52482 | Spider:1 | Reached skill level 16 in Fire Magic
 52482 | Spider:1 | Reached skill level 16 in Ice Magic
 52482 | Spider:1 | Reached skill level 16 in Air Magic
 52482 | Spider:1 | Reached skill level 16 in Earth Magic
 52482 | Spider:1 | Reached skill level 16 in Alchemy
 53140 | Spider:2 | Reached skill level 9 in Armour
 54753 | Spider:2 | Reached skill level 10 in Dodging
 54818 | Spider:2 | Identified the serpent talisman of the Wasteland {Str+2
                  | Int+3 Dex-3}
 54818 | Spider:2 | Noticed Aizul
 54827 | Spider:2 | Killed Aizul
 56053 | Spider:3 | Reached skill level 18 in Fighting
 57577 | Spider:3 | Reached skill level 11 in Dodging
 58063 | Spider:4 | Entered Level 4 of the Spider Nest
 58168 | Spider:3 | Reached skill level 1 in Evocations
 59597 | Spider:4 | Reached skill level 2 in Evocations
 60341 | Spider:4 | Noticed Nikola
 60516 | Spider:4 | Reached XP level 20. HP: 146/160 MP: 0/0
 60823 | Spider:4 | Reached skill level 3 in Evocations
 61079 | Spider:4 | Killed Nikola
 61508 | Spider:4 | Reached skill level 4 in Evocations
 63405 | Spider:4 | Identified the orb of the Shining One {light, Will+}
 63428 | Spider:4 | Got a gossamer rune of Zot
 63708 | Vaults:1 | Entered Level 1 of the Vaults
 63825 | Vaults:1 | Reached skill level 5 in Evocations
 63828 | Vaults:1 | Reached skill level 17 in Spellcasting
 63828 | Vaults:1 | Reached skill level 17 in Conjurations
 63828 | Vaults:1 | Reached skill level 17 in Hexes
 63828 | Vaults:1 | Reached skill level 17 in Summonings
 63828 | Vaults:1 | Reached skill level 17 in Necromancy
 63828 | Vaults:1 | Reached skill level 17 in Translocations
 63828 | Vaults:1 | Reached skill level 17 in Fire Magic
 63828 | Vaults:1 | Reached skill level 17 in Ice Magic
 63828 | Vaults:1 | Reached skill level 17 in Air Magic
 63828 | Vaults:1 | Reached skill level 17 in Earth Magic
 63828 | Vaults:1 | Reached skill level 17 in Alchemy
 63893 | Vaults:1 | Found a crumbling gateway.
 63909 | Desolati | Entered the Desolation of Salt
 64440 | Desolati | Reached skill level 19 in Fighting
 64571 | Desolati | Identified the +4 sling of the Doomed Warrior {speed,
                  | ^Contam rPois MP-9 Dex+4}
 64571 | Desolati | Identified Sif Muna's Codex of Ozone
 64796 | Desolati | Reached skill level 6 in Evocations
 64977 | Desolati | Identified Tuejet's Secrets of the Blizzard and Battle
                  | Magic
 65207 | Desolati | Identified the Discourse on Incineration
 65208 | Desolati | Identified the ring of the Zebrataur {rElec rF+ MP+9 Int+3}
 65209 | Desolati | Identified the Parchment of the Bright Graveyard
 65494 | Desolati | Identified the +5 leather armour of the Ghostly God
                  | {Rampage}
 65499 | Desolati | Identified the Tractate on Transformed Conjuring
 65911 | Vaults:1 | Reached XP level 21. HP: 158/173 MP: 0/0
 65911 | Vaults:1 | Learned a level 7 spell: Summon Hydra
 66175 | Vaults:1 | Reached skill level 7 in Evocations
 66201 | Vaults:1 | You are sucked into a shaft and drop 1 floor!
 66239 | Vaults:2 | Reached skill level 18 in Earth Magic
 66595 | Vaults:2 | Noticed Mennas
 67388 | Vaults:1 | Reached skill level 18 in Spellcasting
 67388 | Vaults:1 | Reached skill level 18 in Conjurations
 67388 | Vaults:1 | Reached skill level 18 in Hexes
 67388 | Vaults:1 | Reached skill level 18 in Summonings
 67388 | Vaults:1 | Reached skill level 18 in Necromancy
 67388 | Vaults:1 | Reached skill level 18 in Translocations
 67388 | Vaults:1 | Reached skill level 18 in Fire Magic
 67388 | Vaults:1 | Reached skill level 18 in Ice Magic
 67388 | Vaults:1 | Reached skill level 18 in Air Magic
 67388 | Vaults:1 | Reached skill level 18 in Alchemy
 67454 | Vaults:1 | Reached skill level 8 in Evocations
 68320 | Vaults:3 | Found a flickering gateway to a bazaar.
 68337 | Bazaar   | Entered a bazaar
 68337 | Bazaar   | Found Ysyo's Jewellery Shoppe.
 68351 | Bazaar   | Found Gian's Antique Armour Shoppe.
 68365 | Bazaar   | Found Cagutoi's Jewellery Shoppe.
 69155 | Vaults:3 | Reached skill level 19 in Earth Magic
 69542 | Vaults:3 | Identified the +1 leather armour "Paunamus" {rN+ Will-
                  | Regen+}
 69931 | Vaults:3 | Identified the +0 ring mail of the Eternal Fruit {rPois}
 70019 | Vaults:3 | Reached skill level 20 in Fighting
 70019 | Vaults:3 | Reached skill level 9 in Evocations
 70485 | Vaults:4 | Reached XP level 22. HP: 84/182 MP: 0/0
 71486 | Vaults:4 | Identified the +5 chain mail "Etiyp" {rElec Int-4 Stlth+}
 71650 | Vaults:4 | Noticed Sojobo
 71688 | Vaults:4 | Paralysed by an air elemental for 1 turns
 71694 | Vaults:4 | Paralysed by an air elemental for 1 turns
 71861 | Vaults:4 | Killed Sojobo
 71862 | Vaults:4 | Reached skill level 20 in Earth Magic
 72414 | Vaults:4 | Identified the +1 shortbow of Saschov {elec, Will+ Str+3
                  | Dex-3}
 72494 | Vaults:4 | Reached skill level 10 in Evocations
 72681 | Vaults:3 | Reached skill level 19 in Spellcasting
 72681 | Vaults:3 | Reached skill level 19 in Conjurations
 72681 | Vaults:3 | Reached skill level 19 in Hexes
 72681 | Vaults:3 | Reached skill level 19 in Summonings
 72681 | Vaults:3 | Reached skill level 19 in Necromancy
 72681 | Vaults:3 | Reached skill level 19 in Translocations
 72681 | Vaults:3 | Reached skill level 19 in Fire Magic
 72681 | Vaults:3 | Reached skill level 19 in Ice Magic
 72681 | Vaults:3 | Reached skill level 19 in Air Magic
 72681 | Vaults:3 | Reached skill level 19 in Alchemy
 73303 | Vaults:2 | Found a staircase to the Crypt.
 73303 | Vaults:2 | Found a basalt altar of Yredelemnul.
 73384 | Vaults:2 | Identified the orb of Wu Jian's Envy {*channel, rC- Will++
                  | Fire}
 73384 | Vaults:2 | Noticed Frederick
 73401 | Vaults:2 | Killed Frederick
 74010 | Vaults:2 | Found Ufudwoz's Armour Emporium.
 74771 | Elf:1    | Entered Level 1 of the Elven Halls
 74879 | Elf:1    | Reached skill level 21 in Earth Magic
 75644 | Elf:1    | Identified the Almanac of the Grave
 76023 | Elf:1    | Reached **** piety under Ashenzari
 76552 | Elf:2    | Paralysed by an air elemental for 1 turns
 76698 | Elf:2    | Reached XP level 23. HP: 125/192 MP: 0/0
 76698 | Elf:2    | Learned a level 8 spell: Lehudib's Crystal Spear
 76920 | Elf:2    | Reached ***** piety under Ashenzari
 77162 | Elf:2    | Found a runed translucent gate.
 77162 | Elf:2    | Found a runed translucent gate.
 77162 | Elf:2    | Found a runed translucent gate.
 78029 | Elf:2    | Reached skill level 21 in Fighting
 78173 | Elf:2    | Reached skill level 22 in Earth Magic
 78642 | Elf:2    | Reached skill level 20 in Spellcasting
 78642 | Elf:2    | Reached skill level 20 in Conjurations
 78642 | Elf:2    | Reached skill level 20 in Hexes
 78642 | Elf:2    | Reached skill level 20 in Summonings
 78642 | Elf:2    | Reached skill level 20 in Necromancy
 78642 | Elf:2    | Reached skill level 20 in Translocations
 78642 | Elf:2    | Reached skill level 20 in Fire Magic
 78642 | Elf:2    | Reached skill level 20 in Ice Magic
 78642 | Elf:2    | Reached skill level 20 in Air Magic
 78642 | Elf:2    | Reached skill level 20 in Alchemy
 78988 | Elf:3    | Entered Level 3 of the Elven Halls
 79083 | Elf:3    | Identified the +3 ring mail of Defiance {+Blink MP+9 Dex+3}
 80832 | Elf:3    | Identified the +6 great sword of Res Ipsa Loquitur {pain,
                  | rPois rF- Dex+5}
 81024 | Elf:3    | Identified the +9 long sword "Lifebane" {venom, rF+ rC+
                  | MP+9 Str+3}
 81444 | Elf:3    | Reached skill level 23 in Earth Magic
 81702 | Elf:3    | Identified the +1 bardiche of the Invisible Seers {heavy,
                  | rC+ rCorr Str+2 Dex-4 SInv}
 81715 | Elf:3    | Identified the ring of Lomuf {Will+ MP+9 AC+4}
 82003 | Elf:3    | Identified the Omnibus of Oromancy
 82042 | Elf:3    | Found the +6 lightning scales {swift, rElec}
 82044 | Elf:3    | Identified the +10 sling of Defiance {flame, rPois rCorr
                  | Stlth-}
 82044 | Elf:3    | Identified Ycvaop's Cyclopedia of the Grim Commander
 82044 | Elf:3    | Identified the +1 helmet of the Curious Runes {Fly rF+}
 82502 | Depths:1 | Entered Level 1 of the Depths
 82976 | Depths:1 | Found a gateway to Hell.
 83126 | Depths:1 | Reached XP level 24. HP: 176/202 MP: 0/0
 83348 | Depths:1 | Reached skill level 21 in Spellcasting
 83348 | Depths:1 | Reached skill level 21 in Conjurations
 83348 | Depths:1 | Reached skill level 21 in Hexes
 83348 | Depths:1 | Reached skill level 21 in Summonings
 83348 | Depths:1 | Reached skill level 21 in Necromancy
 83348 | Depths:1 | Reached skill level 21 in Translocations
 83348 | Depths:1 | Reached skill level 21 in Fire Magic
 83348 | Depths:1 | Reached skill level 21 in Ice Magic
 83348 | Depths:1 | Reached skill level 21 in Air Magic
 83348 | Depths:1 | Reached skill level 21 in Alchemy
 83460 | Depths:1 | Found Zydull's Distillery.
 83462 | Depths:1 | Found Teheng's Armour Shoppe.
 83464 | Depths:1 | Found Bidduitt's Assorted Antiques.
 83473 | Depths:1 | Bought a potion of haste for 450 gold pieces
 83477 | Depths:1 | Bought a potion of heal wounds for 75 gold pieces
 83477 | Depths:1 | Bought a potion of haste for 150 gold pieces
 83715 | Depths:1 | Reached skill level 24 in Earth Magic
 83771 | Depths:1 | Identified the +9 trident "Fish" {drain, rPois Int+3
                  | Stlth-}
 83781 | Depths:1 | Found a one-way gateway to a ziggurat.
 84576 | Depths:2 | Reached skill level 22 in Fighting
 84809 | Depths:2 | Found a one-way gate to the infinite horrors of the Abyss.
 85347 | Depths:2 | Found a one-way gate leading to the halls of Pandemonium.
 86078 | Depths:3 | Acquired the ring of the Mage {Wiz Archmagi}
 86078 | Depths:3 | Found the ring of the Mage {Wiz Archmagi}
 86211 | Depths:3 | Reached skill level 25 in Earth Magic
 86569 | Depths:3 | Noticed a juggernaut
 86574 | Depths:3 | Killed a juggernaut
 86965 | Depths:3 | Noticed a golden dragon
 86970 | Depths:3 | Killed a golden dragon
 87217 | Depths:3 | Reached skill level 22 in Spellcasting
 87217 | Depths:3 | Reached skill level 22 in Conjurations
 87217 | Depths:3 | Reached skill level 22 in Hexes
 87217 | Depths:3 | Reached skill level 22 in Summonings
 87217 | Depths:3 | Reached skill level 22 in Necromancy
 87217 | Depths:3 | Reached skill level 22 in Translocations
 87217 | Depths:3 | Reached skill level 22 in Fire Magic
 87217 | Depths:3 | Reached skill level 22 in Ice Magic
 87217 | Depths:3 | Reached skill level 22 in Air Magic
 87217 | Depths:3 | Reached skill level 22 in Alchemy
 87325 | Depths:4 | Entered Level 4 of the Depths
 87443 | Depths:4 | Reached XP level 25. HP: 139/209 MP: 0/0
 87443 | Depths:4 | Learned a level 9 spell: Death's Door
 87898 | Depths:4 | Found a corrupted altar of Lugonu.
 87963 | Depths:4 | Found a broken altar of Ashenzari.
 88068 | Depths:4 | Reached skill level 26 in Earth Magic
 88240 | Depths:4 | Noticed Jory
 88249 | Depths:4 | Killed Jory
 89558 | Depths:4 | Reached skill level 23 in Fighting
 89717 | Depths:4 | Found a gate to the Realm of Zot.
 90327 | Vaults:5 | Entered Level 5 of the Vaults
 90328 | Vaults:5 | Identified the ring of the Meager Peach {Fly rC+ Str-2
                  | Int+8 SInv}
 90670 | Vaults:5 | Reached skill level 27 in Earth Magic
 90824 | Vaults:5 | Reached skill level 23 in Spellcasting
 90824 | Vaults:5 | Reached skill level 23 in Conjurations
 90824 | Vaults:5 | Reached skill level 23 in Hexes
 90824 | Vaults:5 | Reached skill level 23 in Summonings
 90824 | Vaults:5 | Reached skill level 23 in Necromancy
 90824 | Vaults:5 | Reached skill level 23 in Translocations
 90824 | Vaults:5 | Reached skill level 23 in Fire Magic
 90824 | Vaults:5 | Reached skill level 23 in Ice Magic
 90824 | Vaults:5 | Reached skill level 23 in Air Magic
 90824 | Vaults:5 | Reached skill level 23 in Alchemy
 91302 | Vaults:5 | Identified the +0 spear of the Forest {speed, Dex+2 SInv}
 91457 | Vaults:5 | Got a silver rune of Zot
 91589 | Vaults:5 | Identified the +0 helmet "Doj Oham" {+Blink rF+}
 91710 | Vaults:5 | Reached XP level 26. HP: 205/218 MP: 0/0
 91842 | Vaults:5 | Identified the +3 leather armour of Charred the Leaf {Int+3
                  | Slay+2}
 92176 | Vaults:5 | Noticed an ancient lich
 92180 | Vaults:5 | Killed an ancient lich
 92247 | Vaults:5 | Reached skill level 7 in Stealth
 92309 | Vaults:5 | Identified the Almanac of the Comburant Boulder
 92479 | Vaults:5 | Identified the ring "Poab" {rF- Will+ rCorr Dex+2}
 93024 | Vaults:5 | Identified a +1 robe of resistance
 93554 | Zot:1    | Entered Level 1 of the Realm of Zot
 94172 | Zot:1    | Reached skill level 8 in Stealth
 94471 | Zot:1    | Reached skill level 24 in Spellcasting
 94471 | Zot:1    | Reached skill level 24 in Conjurations
 94471 | Zot:1    | Reached skill level 24 in Hexes
 94471 | Zot:1    | Reached skill level 24 in Summonings
 94471 | Zot:1    | Reached skill level 24 in Necromancy
 94471 | Zot:1    | Reached skill level 24 in Translocations
 94471 | Zot:1    | Reached skill level 24 in Fire Magic
 94471 | Zot:1    | Reached skill level 24 in Ice Magic
 94471 | Zot:1    | Reached skill level 24 in Air Magic
 94471 | Zot:1    | Reached skill level 24 in Alchemy
 94608 | Zot:1    | Reached ****** piety under Ashenzari
 94996 | Zot:2    | Reached skill level 24 in Fighting
 95895 | Zot:2    | Reached XP level 27. HP: 144/228 MP: 0/0
 95895 | Zot:2    | Learned a level 9 spell: Chain Lightning
 96453 | Zot:2    | Reached skill level 9 in Stealth
 96537 | Zot:2    | Found a transporter.
 96545 | Zot:2    | Identified the +1 cloak of the Fletcher {+Inv rF- Regen+
                  | Int+4 Dex+5}
 96546 | Zot:2    | Found a bloodstained altar of Trog.
 96546 | Zot:2    | Identified the +6 chain mail of Keubot {rC+}
 96546 | Zot:2    | Identified the -1 cloak of the Fife {rElec Str+5}
 96561 | Zot:2    | Found a transporter.
 96561 | Zot:2    | Noticed SirLogeyBear's ghost (legendary HOBe)
 96664 | Zot:2    | Reached skill level 10 in Armour
 97291 | Zot:2    | Identified the storm talisman "Xydwut" {Will- Int+3 Dex+4}
 97698 | Zot:3    | Reached skill level 12 in Dodging
 99284 | Zot:3    | Noticed a curse toe
 99288 | Zot:3    | Killed a curse toe
 99289 | Zot:3    | Reached skill level 10 in Stealth
 99446 | Zot:3    | Reached skill level 11 in Armour
 99446 | Zot:3    | Noticed a curse toe
 99449 | Zot:3    | Killed a curse toe
 99621 | Zot:3    | Noticed a curse toe
 99625 | Zot:3    | Killed a curse toe
 99990 | Zot:3    | Noticed a curse toe
100116 | Zot:3    | Killed a curse toe
100156 | Zot:3    | Identified the +12 spear of the Tomato {holy, Str+3}
100156 | Zot:3    | Identified the +9 rapier of Gluttony {elec, rF- rC+++ Str+2
                  | Dex+2}
100460 | Zot:4    | Noticed Vv
100467 | Zot:4    | Killed Vv
100546 | Zot:4    | Reached skill level 13 in Dodging
100549 | Zot:4    | Noticed an electric golem
100551 | Zot:4    | Noticed an orb of fire
100659 | Zot:3    | Killed an electric golem
100770 | Zot:4    | Killed an orb of fire
100804 | Zot:4    | Noticed a curse toe
100808 | Zot:4    | Killed a curse toe
100887 | Zot:4    | Reached skill level 12 in Armour
100888 | Zot:4    | Reached skill level 11 in Stealth
101399 | Zot:4    | Identified the +1 falchion "Seuqalaf" {speed, rC+}
101900 | D:12     | Killed Naggiasi's ghost
101986 | Orc:2    | Bought a potion of haste for 160 gold pieces
101986 | Orc:2    | Bought a potion of cancellation for 128 gold pieces
101986 | Orc:2    | Bought a potion of brilliance for 64 gold pieces
101986 | Orc:2    | Bought a potion of mutation for 128 gold pieces
101986 | Orc:2    | Bought a potion of brilliance for 64 gold pieces
101986 | Orc:2    | Bought a potion of lignification for 48 gold pieces
101986 | Orc:2    | Bought a potion of brilliance for 64 gold pieces
101986 | Orc:2    | Bought 2 potions of curing for 96 gold pieces
101986 | Orc:2    | Bought a potion of haste for 160 gold pieces
102314 | Zot:5    | Entered Level 5 of the Realm of Zot
102455 | Zot:5    | Noticed a curse toe
102458 | Zot:5    | Killed a curse toe
102459 | Zot:5    | Reached skill level 14 in Dodging
103364 | Zot:5    | Noticed a dread lich
103369 | Zot:5    | Noticed a dread lich
103375 | Zot:5    | Noticed an orb of fire
103380 | Zot:5    | Noticed a Killer Klown
103382 | Zot:5    | Noticed an orb of fire
103383 | Zot:5    | Killed a Killer Klown
103388 | Zot:5    | Killed an orb of fire
103389 | Zot:5    | Reached skill level 13 in Armour
103511 | Zot:5    | Gained mutation: You are very vulnerable to cold. (rC--)
                  | [an orb of fire]
103517 | Zot:5    | Killed an orb of fire
103518 | Zot:5    | Reached skill level 12 in Stealth
103560 | Zot:4    | Lost mutation: You are very vulnerable to cold. (rC--)
                  | [potion of mutation]
103692 | Zot:5    | Noticed an electric golem
103697 | Zot:5    | Killed an electric golem
103798 | Zot:5    | Noticed an orb of fire
103802 | Zot:5    | Killed an orb of fire
103941 | Zot:5    | Noticed an orb of fire
103946 | Zot:5    | Killed an orb of fire
103946 | Zot:5    | Noticed an orb of fire
103947 | Zot:5    | Reached skill level 15 in Dodging
103947 | Zot:5    | Gained mutation: Armour fits poorly on your strangely
                  | shaped body. [an orb of fire]
103948 | Zot:5    | Noticed a Killer Klown
103950 | Zot:5    | Killed an orb of fire
103950 | Zot:5    | Noticed an ancient lich
103951 | Zot:5    | Killed a Killer Klown
103953 | Zot:5    | Killed a dread lich
103953 | Zot:5    | Killed an ancient lich
103958 | Zot:5    | Noticed an orb of fire
103962 | Zot:5    | Killed an orb of fire
104403 | Zot:5    | Noticed an orb of fire
104421 | Zot:5    | Gained mutation: You have hidden genetic defects. [an orb
                  | of fire]
104425 | Zot:5    | Killed an orb of fire
104425 | Zot:5    | Noticed an electric golem
104429 | Zot:5    | Killed an electric golem
104493 | Zot:5    | Noticed an ancient lich
104497 | Zot:5    | Killed an ancient lich
104499 | Zot:5    | Noticed a Killer Klown
104502 | Zot:5    | Killed a Killer Klown
105316 | Zot:5    | Noticed a Killer Klown
105317 | Zot:5    | Killed a Killer Klown
105318 | Zot:5    | Reached skill level 14 in Armour
105318 | Zot:5    | Noticed a dread lich
105322 | Zot:5    | Killed a dread lich
105657 | Zot:5    | Reached skill level 13 in Stealth
105715 | Zot:5    | Noticed a Killer Klown
105717 | Zot:5    | Killed a Killer Klown
105719 | Zot:5    | Gained mutation: You occasionally shout uncontrollably at
                  | your foes. [hidden defects]
105727 | Zot:5    | Reached skill level 16 in Dodging
105893 | Zot:5    | Killed a dread lich
106113 | Zot:5    | Gained mutation: You sometimes lose your temper in combat.
                  | [hidden defects]
106113 | Zot:5    | Lost mutation: You have hidden genetic defects. [hidden
                  | defects expressed]
107589 | Zot:5    | Lost mutation: You occasionally shout uncontrollably at
                  | your foes. [potion of mutation]
107589 | Zot:5    | Lost mutation: Armour fits poorly on your strangely shaped
                  | body. [potion of mutation]
107589 | Zot:5    | Lost mutation: You sometimes lose your temper in combat.
                  | [potion of mutation]
107589 | Zot:5    | Gained mutation: You have a somewhat thin skeletal
                  | structure. (Dex +2, Stealth+) [potion of mutation]
107589 | Zot:5    | Gained mutation: Your mind is acute. (Int +4, Str/Dex -1)
                  | [potion of mutation]
107672 | Zot:5    | Got the Orb of Zot
108234 | D:$      | Escaped with the Orb!

Vanquished Creatures
  3 dread liches (Zot:5)
  3 ancient liches
  8 orbs of fire
  A juggernaut (Depths:3)
  Vv (Zot:4)
  5 Killer Klowns (Zot:5)
  6 curse toes
  the Lernaean hydra (Swamp:4)
  8 golden dragons
  Jory (Depths:4)
  3 electric golems
  20 tentacled monstrosities
  2 deep elf master archers (Elf:3)
  5 liches
  26 Orb Guardians
  2 deep elf blademasters (Elf:3)
  4 quicksilver dragons
  4 titans
  2 walking frostbound tomes
  6 sphinxes
  12 death cobs
  Kirke (Lair:5)
  4 tengu reavers
  11 shadow dragons
  Aizul (Spider:2)
  19 storm dragons
  5 protean progenitors
  5 draconian monks
  A fenstrider witch (Swamp:2)
  5 draconian knights
  Donald (Spider:1)
  A demonspawn warmonger (D:10)
  7 deep elf sorcerers
  10 fire giants
  22 frost giants
  8 draconian shifters
  5 iron dragons
  4 spectral caustic shrikes (Depths:4)
  8 emperor scorpions
  6 draconian scorchers
  7 vault wardens
  An imperial myrmidon (Desolation)
  6 draconian stormcallers
  A ghoul (Swamp:2)
  A cacodemon (D:10)
  6 draconian annihilators
  3 deep elf elementalists (Elf:3)
  A broodmother (Lair:3)
  2 orc warlords
  A demonspawn corrupter (D:10)
  2 reapers (IceCv)
  15 stone giants
  A spriggan defender (Depths:2)
  4 ironbound thunderhulks
  A vampire knight (Depths:4)
  9 ironbound preservers
  2 deep elf death magi
  10 deep elf annihilators
  18 very ugly things
  3 eleionomae
  5 black draconians
  12 green draconians
  A deep elf demonologist (Vaults:5)
  11 white draconians
  4 bunyips
  10 purple draconians
  5 spark wasps
  16 dire elephants
  11 red draconians
  7 yellow draconians
  A halazid warlock (Desolation)
  A blizzard demon (Depths:2)
  3 war gargoyles (Vaults:5)
  16 ettins
  A crystal guardian (Desolation)
  A green death (Depths:3)
  7 fire dragons
  4 entropy weavers
  A shambling mangrove (Swamp:2)
  3 deep elf high priests
  6 yaktaur captains
  A ragged hierophant (Desolation)
  The ghost of Naggiasi the Slicer, a journeyman KoBr of Trog (D:12)
  2 ogre magi (Vaults:5)
  8 peacekeepers
  8 ice dragons
  22 vault guards (Vaults:5)
  2 caustic shrike simulacra (IceCv)
  23 hydras
  4 servants of whispers (Desolation)
  A radroach (Spider:2)
  Fannar (D:12)
  A hell beast (Zot:1)
  4 catoblepae
  9 ghost crabs
  5 ironbound frosthearts
  3 spriggan air magi (Depths:4)
  4 centaur warriors
  2 boulder beetles
  13 deep troll shamans
  17 dancing weapons
  9 alligators
  4 two-headed ogres
  8 tengu warriors
  A satyr (shapeshifter) (Depths:3)
  2 orc high priests
  6 death yaks (Lair:5)
  5 demonic crawlers
  10 deep troll earth magi
  A shock serpent (shapeshifter) (D:15)
  Urug (Lair:4)
  3 spriggan berserkers
  8 deep elf knights
  3 sun demons
  2 soul eaters (D:13)
  A skyshark (shapeshifter) (Vaults:5)
  3 hell knights (Depths:4)
  Nergalle (D:12)
  8 pharaoh ants
  A sixfirhy (Depths:3)
  A skyshark (Lair:5)
  45 deep trolls
  7 goliath frogs
  10 iron trolls
  2 flayed ghosts
  3 shadow demons
  A glowing orange brain (Vaults:4)
  13 swamp dragons
  3 spriggan druids
  A snapping turtle (shapeshifter) (D:14)
  3 deep elf archers
  4 orb spiders (Spider:2)
  7 arcanists
  11 bog bodies
  2 obsidian statues (IceCv)
  8 ironbound convokers
  9 steelbarb worms
  2 spriggan simulacra (IceCv)
  4 phantasmal warriors
  6 lindwurms
  An orc sorcerer (Orc:1)
  23 deep elf zephyrmancers
  33 ugly things
  22 wolf spiders
  A necromancer (Elf:1)
  2 orc knights (Vaults:4)
  21 deep elf pyromancers
  A steelbarb worm (shapeshifter) (Vaults:5)
  5 cyclopes
  An oklob plant (Lair:2)
  A salamander (D:15)
  9 will-o-the-wisps
  3 manticores
  31 moths of wrath
  A rust devil (Depths:3)
  35 elephants
  An eye of devastation (shapeshifter) (Vaults:5)
  9 meliai
  3 guardian serpents (Desolation)
  4 black mambas
  12 vault sentinels
  11 apocalypse crabs (Zot:3)
  5 torpor snails
  10 kobold blastminers
  5 gargoyles (D:12)
  16 cane toads
  2 smoke demons
  5 orange demons (D:13)
  Jeremiah (D:7)
  Maggie (D:7)
  2 kobold demonologists
  2 rime drakes
  An unseen horror (D:13)
  15 yaktaurs
  3 tengu conjurers
  4 efreet
  7 komodo dragons
  Psyche (D:12)
  7 freezing wraiths
  An ice devil (D:13)
  12 trolls
  A golden dragon simulacrum (IceCv)
  2 bloated husks
  12 hornets
  23 tarantellas
  2 hellwings
  A nameless horror (Swamp:1)
  32 saltlings (Desolation)
  2 wolf spider simulacra
  6 dream sheep (Lair:4)
  8 tyrant leeches
  A tarantella (shapeshifter) (D:13)
  3 polar bears
  12 blink frogs
  A dream sheep (shapeshifter) (Elf:1)
  20 slime creatures
  26 jumping spiders
  A ynoxinul (D:13)
  4 shadows
  3 wyverns
  2 wraiths
  12 culicivoras
  12 spriggans
  A spriggan (shapeshifter) (Vaults:5)
  3 hogs (Lair:5)
  A fire elemental (Elf:2)
  37 yaks
  3 steam dragons
  64 redbacks
  2 wargs (Orc:2)
  14 water elementals
  A golden eye (shapeshifter) (D:14)
  Grum (D:8)
  6 basilisks
  A neqoxec (D:13)
  A chaos spawn (D:13)
  19 vampire mosquitoes
  3 harpy simulacra (IceCv)
  A swamp worm (shapeshifter) (Vaults:5)
  3 acid dragons
  12 swamp worms
  17 water moccasins
  3 hydra simulacra (IceCv)
  38 orc warriors
  5 ettin simulacra (IceCv)
  11 swamp drakes
  An ice beast (D:8)
  2 laughing skulls
  3 black bears
  A sky beast (D:7)
  17 wolves
  26 ogres
  5 centaurs
  2 phantoms (D:6)
  2 elf zombies (Elf:1)
  2 kobold brigands
  A gnoll sergeant (D:9)
  13 bullfrogs
  4 wights (D:7)
  23 killer bees
  5 electric eels
  4 howler monkeys
  19 orc priests
  2 jellies
  8 hounds
  4 gnoll boudas
  3 iguanas
  35 orc wizards
  2 sleepcaps
  20 gnolls
  5 adders
  3 ufetubi (D:5)
  A ribbon worm (D:2)
  93 orcs
  10 endoplasms
  4 giant cockroaches
  12 goblins
  6 hobgoblins
  4 jackals
  2 quokkas
  7 ball pythons
  8 bats
  3 frilled lizards
  24 kobolds
  8 rats
  9 aspiring fleshes
  4 fulminant prisms
1987 creatures vanquished.

Vanquished Creatures (collateral kills)
  Frederick (Vaults:2)
  Sojobo (Vaults:4)
  Nikola (Spider:4)
  A titan (Vaults:5)
  A lich (Depths:1)
  5 sphinxes
  A storm dragon (Vaults:5)
  A thorn hunter (Swamp:3)
  3 tengu reavers
  2 fire giants
  3 vault wardens
  4 emperor scorpions
  A frost giant (Depths:2)
  2 deep elf elementalists (Elf:3)
  4 ironbound preservers
  2 ghost moths
  A formless jellyfish (Vaults:3)
  6 ironbound thunderhulks
  An orc warlord (Vaults:4)
  3 very ugly things
  5 deep elf death magi (Elf:3)
  2 stone giants (Depths:1)
  A deep elf demonologist (Elf:3)
  10 dire elephants
  A halazid warlock (Desolation)
  A lorocyproca (Depths:1)
  2 deep elf annihilators
  3 war gargoyles
  3 spark wasps
  A merfolk impaler (Depths:1)
  4 ettins
  4 ragged hierophants (Desolation)
  4 yaktaur captains
  A fire dragon (Depths:1)
  3 crystal guardians
  A merfolk javelineer (Depths:4)
  A rakshasa (Depths:1)
  4 entropy weavers
  An ice dragon (Depths:1)
  3 great orbs of eyes
  4 vault guards (Vaults:5)
  A servant of whispers (Desolation)
  A deep elf high priest (Elf:3)
  3 peacekeepers
  A jorogumo (Spider:4)
  5 ironbound frosthearts
  4 boulder beetles
  7 dancing weapons
  A radroach (Spider:3)
  A demonic crawler (Spider:1)
  A deep troll shaman (Depths:2)
  3 tengu warriors (Depths:1)
  3 hell knights (Depths:4)
  4 deep elf knights
  A goliath frog (Swamp:2)
  3 iron trolls
  A flayed ghost (Vaults:5)
  A deep elf archer (Elf:3)
  A large abomination (Elf:1)
  19 deep trolls
  3 arcanists
  A lindwurm (Vaults:3)
  An orb spider (Spider:3)
  An orc knight (Vaults:4)
  3 necromancers (Elf:1)
  8 ironbound convokers
  7 deep elf pyromancers
  9 deep elf zephyrmancers
  3 wolf spiders
  11 ugly things
  A wolf spider (shapeshifter) (Depths:3)
  6 vault sentinels
  A molten gargoyle (Desolation)
  A yaktaur (Vaults:2)
  A tengu conjurer (Depths:1)
  3 tarantellas (Spider:3)
  14 saltlings (Desolation)
  2 slime creatures (Vaults:3)
  An air elemental (Elf:2)
  A culicivora (Spider:4)
  A yak (D:10)
  7 redbacks
  An elf zombie (Elf:1)
  An orc priest (Elf:2)
  A nameless horror (Depths:1)
  13 boulders
266 creatures vanquished.

Vanquished Creatures (others)
  34 eldritch tentacles
  A ghost moth (Zot:5)
  An entropy weaver (Spider:4)
  A ghost crab (Swamp:2)
  A bog body (Swamp:2)
  A deep elf pyromancer (Elf:3)
  A deep elf zephyrmancer (Elf:1)
  4 bloated husks
  A tarantella (Spider:4)
  A culicivora (Spider:2)
  A swamp worm (Swamp:2)
  19 boulders
  5 foxfires (Swamp:2)
  424 fulminant prisms
495 creatures vanquished.

Grand Total: 2748 creatures vanquished

Table legend: (Time is in decaauts)
 A = Elapsed time spent in this place.
 B = Non-inter-level travel time spent in this place.
 C = Inter-level travel time spent in this place.
 D = Time resting spent in this place.
 E = Time spent auto-exploring this place.
 F = Levels seen in this place.
 G = Mean time per level.
                   A        B        C        D        E       F      G
               +--------+--------+--------+--------+--------+-----+--------+
         Total | 108349 | 102777 |   5572 |  53826 |  22334 |  52 | 2083.6 |
       Dungeon |  24406 |  22561 |   1845 |  10431 |   8135 |  15 | 1627.1 |
        Temple |    134 |     10 |    124 |      0 |      0 |   1 |  134.0 |
          Lair |  11774 |  11327 |    447 |   5357 |   4176 |   5 | 2354.8 |
         Swamp |  10054 |   9751 |    303 |   6040 |   1970 |   4 | 2513.5 |
   Spider Nest |  11803 |  11524 |    279 |   7677 |   1633 |   4 | 2950.8 |
  Orcish Mines |   3696 |   3544 |    152 |   2173 |    349 |   2 | 1848.0 |
   Elven Halls |   7550 |   7304 |    246 |   3854 |    709 |   3 | 2516.7 |
        Vaults |  12376 |  11605 |    771 |   4789 |   2026 |   5 | 2475.2 |
        Depths |   8105 |   7492 |    613 |   3382 |   1125 |   4 | 2026.2 |
           Zot |  13493 |  12704 |    789 |   6837 |   2058 |   5 | 2698.6 |
        Bazaar |     90 |     90 |      0 |      0 |     28 |   1 |   90.0 |
        Bailey |   1306 |   1306 |      0 |   1041 |      0 |   1 | 1306.0 |
      Ice Cave |   1848 |   1848 |      0 |   1404 |      0 |   1 | 1848.0 |
    Desolation |   1706 |   1706 |      0 |    841 |    125 |   1 | 1706.0 |
               +--------+--------+--------+--------+--------+-----+--------+

Top non-repeatable levels by time:
   Zot:5: 4491 daAuts
Spider:4: 4408 daAuts
 Swamp:4: 3796 daAuts
   Zot:3: 3338 daAuts
  Lair:5: 3238 daAuts
   Elf:3: 3213 daAuts
  Lair:4: 2971 daAuts
   Zot:2: 2935 daAuts
    D:14: 2917 daAuts
Vaults:5: 2873 daAuts
Depths:4: 2871 daAuts
Spider:2: 2825 daAuts
   Orc:2: 2782 daAuts
   Elf:2: 2761 daAuts
    D:12: 2710 daAuts

Table legend:
 A = Non-vault XP
 B = Vault XP
 C = Vault XP percentage of total XP
 D = Non-vault monster count
 E = Vault monster count
 F = Vault count percentage of total count
                 A         B        C        D         E       F
            +---------+---------+-------+---------+---------+-------
      Total |  743111 |  657777 |  47.0 |    1380 |     843 |  37.9
            +---------+---------+-------+---------+---------+-------
        D:1 |      53 |       0 |   0.0 |      34 |       0 |   0.0
        D:2 |      47 |       0 |   0.0 |      14 |       0 |   0.0
        D:3 |      70 |       0 |   0.0 |      19 |       0 |   0.0
        D:4 |     320 |       0 |   0.0 |      27 |       0 |   0.0
        D:5 |     281 |     620 |  68.8 |      11 |       6 |  35.3
        D:6 |     653 |     309 |  32.1 |      21 |       4 |  16.0
        D:7 |     805 |     773 |  49.0 |      19 |       2 |   9.5
        D:8 |     732 |     477 |  39.5 |      12 |       9 |  42.9
        D:9 |    3336 |    1321 |  28.4 |      42 |       6 |  12.5
       D:10 |    2607 |    1178 |  31.1 |      29 |      11 |  27.5
       D:11 |    2493 |       0 |   0.0 |      12 |       0 |   0.0
       D:12 |    6103 |    6827 |  52.8 |      17 |      12 |  41.4
       D:13 |    4521 |   11219 |  71.3 |       9 |      24 |  72.7
       D:14 |    8465 |    5226 |  38.2 |      29 |       6 |  17.1
       D:15 |   12341 |    7718 |  38.5 |      22 |      12 |  35.3
     Lair:1 |    8094 |       0 |   0.0 |      26 |       0 |   0.0
     Lair:2 |    3204 |    2349 |  42.3 |      13 |       6 |  31.6
     Lair:3 |   14111 |     822 |   5.5 |      39 |       2 |   4.9
     Lair:4 |   10532 |    3780 |  26.4 |      35 |      13 |  27.1
     Lair:5 |   11868 |   12263 |  50.8 |      38 |      25 |  39.7
    Swamp:1 |   11341 |    1558 |  12.1 |      20 |       2 |   9.1
    Swamp:2 |   10077 |   20592 |  67.1 |      23 |      33 |  58.9
    Swamp:3 |   15038 |     177 |   1.2 |      22 |       1 |   4.3
    Swamp:4 |   11360 |   18925 |  62.5 |      22 |      29 |  56.9
   Spider:1 |   18960 |    1290 |   6.4 |      43 |       1 |   2.3
   Spider:2 |   12868 |    4609 |  26.4 |      37 |       6 |  14.0
   Spider:3 |   21217 |    2186 |   9.3 |      52 |       3 |   5.5
   Spider:4 |   16923 |   20376 |  54.6 |      36 |      40 |  52.6
      Orc:1 |    4982 |       0 |   0.0 |      42 |       0 |   0.0
      Orc:2 |    3379 |    7041 |  67.6 |      32 |      71 |  68.9
      Elf:1 |    8110 |    6806 |  45.6 |      14 |      13 |  48.1
      Elf:2 |   13384 |   25339 |  65.4 |      25 |      34 |  57.6
      Elf:3 |   15544 |   37006 |  70.4 |      26 |      33 |  55.9
   Vaults:1 |   29858 |   18949 |  38.8 |      38 |      23 |  37.7
   Vaults:2 |   16654 |   18809 |  53.0 |      28 |      19 |  40.4
   Vaults:3 |   36300 |    5967 |  14.1 |      53 |       6 |  10.2
   Vaults:4 |   26614 |   19367 |  42.1 |      34 |      18 |  34.6
   Vaults:5 |   26611 |  100851 |  79.1 |      32 |      94 |  74.6
   Depths:1 |   43077 |    2093 |   4.6 |      53 |       3 |   5.4
   Depths:2 |   11801 |   13641 |  53.6 |      13 |      15 |  53.6
   Depths:3 |   31729 |   25017 |  44.1 |      31 |      18 |  36.7
   Depths:4 |   47134 |   22587 |  32.4 |      59 |      19 |  24.4
      Zot:1 |   28409 |       0 |   0.0 |      25 |       0 |   0.0
      Zot:2 |   46419 |   44919 |  49.2 |      41 |      52 |  55.9
      Zot:3 |   39538 |   15932 |  28.7 |      31 |      15 |  32.6
      Zot:4 |   47240 |    3539 |   7.0 |      34 |       1 |   2.9
      Zot:5 |   57908 |  116880 |  66.9 |      46 |      43 |  48.3
     Bailey |       0 |    2878 | 100.0 |       0 |      14 | 100.0
      IceCv |       0 |   10919 | 100.0 |       0 |      26 | 100.0
 Desolation |       0 |   34642 | 100.0 |       0 |      73 | 100.0
            +---------+---------+-------+---------+---------+-------
